 Dungeon Crawl Stone Soup version 0.27.1-33-g824d729ab1 (webtiles) character file.

Game seed: 11771681171244727187

200 SeanCanFly the Cudgeller (level 5, -1/47 HPs)
             Began as a Minotaur Monk on Nov 25, 2021.
             Slain by a black bear (8 damage)
             ... on level 4 of the Dungeon.
             The game lasted 00:05:51 (3308 turns).

SeanCanFly the Cudgeller (Minotaur Monk)            Turns: 3308, Time: 00:05:52

Health: -1/47      AC:  9    Str: 17    XL:     5   Next: 48%
Magic:  4/4        EV: 10    Int:  7    God:
Gold:   125        SH:  0    Dex: 12    Spells: 4/4 levels left

rFire    . . .     SeeInvis .   g - +0 flail
rCold    . . .     Faith    .   (no shield)
rNeg     . . .     Spirit   .   d - +0 scale mail
rPois    .         Reflect  .   (helmet restricted)
rElec    .         Harm     .   l - +0 cloak
rCorr    .         Rampage  .   c - +0 pair of gloves
Will     .....                  (no boots)
Stlth    ..........             (no amulet)
HPRegen  0.15/turn              (no ring)
MPRegen  0.09/turn              (no ring)

@: no status effects
A: horns 2, retaliatory headbutt
a: no special abilities


You were on level 4 of the Dungeon.
You visited 1 branch of the dungeon, and saw 4 of its levels.

You collected 125 gold pieces.

Inventory:

Hand Weapons
 a - a +0 mace
 g - a +0 flail (weapon)
Armour
 b - a +0 robe
 c - a +0 pair of gloves (worn)
 d - a +0 scale mail (worn)
 l - a +0 cloak (worn)
Scrolls
 e - 4 scrolls of identify
Potions
 f - a potion of heal wounds {unknown}
 h - a potion of resistance {unknown}
 j - 2 potions of brilliance
 k - a potion of curing {unknown}


   Skills:
 + Level 4.9 Fighting
 * Level 5.8 Maces & Flails
 + Level 2.9 Armour
 - Level 3.3 Dodging
 - Level 1.5 Stealth


You had 4 spell levels left.
You didn't know any spells.
Your spell library contained the following spells:

 Spells                   Type           Power      Damage    Failure   Level
 Animate Skeleton         Necr           0%         N/A       83%         1
 Pain                     Necr           0%         1d4       83%         1
 Ensorcelled Hibernation  Hex/Ice        0%         N/A       93%         2
 Spider Form              Tmut/Pois      0%         N/A       99%         3
 Vampiric Draining        Necr           0%         2d6       99%         3
 Shadow Creatures         Summ           N/A        N/A       100%        6


Dungeon Overview and Level Annotations

Branches:
Dungeon (4/15)
 Temple: D:4-7

Altars:
Vehumet

Shops:
D:1 (


Innate Abilities, Weirdness & Mutations

You have a pair of horns on your head.
You reflexively headbutt those who attack you in melee.


Message History

You closely miss the black bear. The black bear closely misses you. x2
The black bear claws you but does no damage.
The hobgoblin zaps a wand.
The puff of flame misses you.
You barely miss the black bear. The black bear barely misses you.
The black bear claws you but does no damage. x2
The hobgoblin hits you but does no damage.
You sock the black bear! You headbutt the black bear.
The black bear is heavily wounded.
The black bear bites you. The black bear claws you.
The black bear claws you but does no damage.
The hobgoblin hits you but does no damage.
You barely miss the black bear.
The black bear is heavily wounded.
The black bear barely misses you. x2
The black bear claws you but does no damage.
The hobgoblin hits you.
You hit the black bear. You headbutt the black bear.
The black bear is severely wounded.
The black bear closely misses you. The black bear claws you.
The black bear misses you. The hobgoblin barely misses you.
The black bear goes berserk!
The hobgoblin closely misses you.
You closely miss the black bear. Your headbutt misses the black bear.
The black bear is severely wounded.
The hobgoblin zaps a wand.
The puff of flame misses you. The black bear bites you!
The black bear completely misses you.
The black bear claws you but does no damage.
The hobgoblin hits you but does no damage.
The hobgoblin zaps a wand.
The puff of flame misses you. The black bear bites you!
The black bear claws you.
The black bear claws you but does no damage.
The hobgoblin hits you but does no damage.
There is a stone staircase leading up here.
The black bear bites you.
* * * LOW HITPOINT WARNING * * *
The black bear claws you.
* * * LOW HITPOINT WARNING * * *
The black bear closely misses you.
The hobgoblin hits you but does no damage.
The black bear bites you!
You die...

..........###..#
#...........#...
#...(...#...$...
##.............
......#._.#..#
.............#
......[g#...####
...#...gh......#
##..g@.......
#..........##
#..#.......#
#..#..####.#
#....## ..
..##.. . ... ##.


You could see a black bear (berserk) and 3 hobgoblins.

Vanquished Creatures
  A sky beast (D:3)
  3 gnolls (D:2)
  3 worms
  A dart slug (D:1)
  An orc (D:3)
  8 endoplasms
  A giant cockroach (D:3)
  9 goblins
  3 hobgoblins
  2 jackals (D:1)
  4 kobolds
  5 quokkas
  6 ball pythons
  10 bats
  A frilled lizard (D:2)
  6 rats
64 creatures vanquished.

Notes
Turn   | Place    | Note
-------+----------+-------------------------------------------
     0 | D:1      | SeanCanFly the Minotaur Monk began the quest for the Orb.
     0 | D:1      | Reached XP level 1. HP: 19/19 MP: 0/0
   158 | D:1      | Reached skill level 4 in Maces & Flails
   158 | D:1      | Reached XP level 2. HP: 27/27 MP: 1/1
   257 | D:1      | Reached skill level 1 in Armour
   313 | D:1      | Found Xurou's Antique Weapon Shop.
   603 | D:1      | Found a faded altar of an unknown god.
   962 | D:2      | Reached XP level 3. HP: 32/33 MP: 2/2
  1496 | D:2      | Reached XP level 4. HP: 41/41 MP: 3/3
  1633 | D:2      | Reached skill level 5 in Maces & Flails
  1870 | D:3      | Noticed a sky beast
  1893 | D:3      | Killed a sky beast
  1894 | D:3      | Reached XP level 5. HP: 14/47 MP: 4/4
  3293 | D:4      | Found a radiant altar of Vehumet.
  3294 | D:4      | Noticed a black bear
  3308 | D:4      | Slain by a black bear

Illustrated notes

Levels and vault maps discovered:
D:1:      dpeg_arrival_rhombi, layout_basic,
          hellmonk_ecumenical_altar_leap_of_faith, serial_shops,
          nicolae_shop_trees, minmay_pentomino_r4
D:2:      layout_loops_cross
D:3:      layout_basic
D:4:      layout_cave_pools, vehumet_altar_wand_db, uniq_sigmund

Skill      XL: |  1  2  3  4 |
---------------+-------------+-----
Maces & Flails | 4 5 |  5.8
Armour         | 1 2 |  2.9
Fighting       | 4 |  4.9
Dodging        | |  3.3
Stealth        | |  1.5

Action                   |  1- 3 |  4- 6 || total
-------------------------+-------+-------++-------
Melee: Mace              |    58 |       ||    58
       Headbutt          |    15 |    12 ||    27
       Flail             |    22 |    63 ||    85
  Use: Scroll            |       |     3 ||     3
 Stab: Sleeping          |     1 |       ||     1
Armor: Scale mail        |    42 |    39 ||    81
Dodge: Dodged            |    46 |    46 ||    92
